 Dungeon Crawl Stone Soup version 0.30-a0-162-g2ba88f6271 (webtiles) character file.

Game seed: 18404489185688026942

35 Essalna the Trooper (level 3, -3/30 HPs)
             Began as a Demonspawn Berserker on Sept 28, 2022.
             Was a Follower of Trog.
             Killed by nerve-wracking pain
             ... invoked by Jessica
              (4 damage)
             ... on level 2 of the Dungeon.
             The game lasted 00:01:36 (1064 turns).

Essalna the Trooper (Demonspawn Berserker)          Turns: 1064, Time: 00:01:37

Health: -3/30      AC:  2    Str: 19    XL:     3   Next: 16%
Magic:  3/3        EV: 12    Int:  8    God:    Trog [*.....]
Gold:   60         SH:  0    Dex: 14    Spells: 2/2 levels left

rFire   . . .      SeeInvis .    a - +0 hand axe
rCold   . . .      Faith    .    (no shield)
rNeg    . . .      Spirit   .    b - +0 animal skin
rPois   .          Reflect  .    (helmet restricted)
rElec   .          Harm     .    (no cloak)
rCorr   .          Rampage  .    (no gloves)
Will    .....                    (no boots)
Stlth   ++........               (no amulet)
HPRegen 0.10/turn                (no ring)
MPRegen 0.08/turn                (no ring)

@: slowed, very slow
A: horns 1, thin skeletal structure 1
a: Renounce Religion, Berserk


You were on level 2 of the Dungeon.
You worshipped Trog.
Trog was aware of your devotion.
You visited 1 branch of the dungeon, and saw 2 of its levels.

You collected 60 gold pieces.

Inventory:

Hand Weapons
 a - a +0 hand axe (weapon)
Armour
 b - a +0 animal skin (worn)
Scrolls
 c - a scroll of fear {unknown}
 f - 3 scrolls of identify {unknown}
 h - a scroll of fog {unknown}
 i - a scroll of vulnerability {unknown}
Potions
 d - 2 potions of heal wounds {unknown}
 e - a potion of curing
 g - a potion of ambrosia {unknown}


   Skills:
 + Level 3.7 Fighting
 + Level 3.3 Axes
 - Level 1.7 Armour
 - Level 1.7 Dodging


You had 2 spell levels left.
You didn't know any spells.
Your spell library was empty.

Dungeon Overview and Level Annotations

Branches:
Dungeon (2/15)

Altars:

Annotations:
D:2 Jessica


Innate Abilities, Weirdness & Mutations

You have a pair of small horns on your head.
You have a somewhat thin skeletal structure. (Dex +2, Stealth+)


Message History

You convulse.
* * * LOW HITPOINT WARNING * * *
You hit Jessica.
Jessica is severely wounded.
Jessica points at you and mumbles some strange words.
You feel yourself slow down.
You barely miss Jessica. Your punch misses Jessica.
Jessica is severely wounded.
Jessica closely misses you.
You closely miss Jessica.
Jessica is severely wounded.
You hit the ball python but do no damage.
Jessica drinks a potion.
Jessica is healed!
The ball python barely misses you. The ball python grabs you.
The ball python constricts you. Jessica closely misses you.
The ball python bites you.
* * * LOW HITPOINT WARNING * * *
The ball python constricts you.
* * * LOW HITPOINT WARNING * * *
You hit Jessica. You headbutt Jessica, but do no damage.
Jessica is lightly wounded.
You closely miss the ball python. The ball python bites you.
* * * LOW HITPOINT WARNING * * *
The ball python constricts you.
Jessica mumbles some strange words.
Jessica blinks!
The ball python barely misses you. The ball python constricts you.
* * * LOW HITPOINT WARNING * * *
You escape the ball python's grasp.
Jessica casts a spell.
Jessica seems to speed up.
There is a stone staircase leading up here.
The ball python bites you.
* * * LOW HITPOINT WARNING * * *
The ball python closely misses you. Jessica completely misses you.
The ball python bites you.
* * * LOW HITPOINT WARNING * * *
The ball python barely misses you.
Jessica points at you and mumbles some strange words.
Pain shoots through your body!
You die...

#### ###### #.# ...#
#....# #.#
...####....######.#######
......+..................
...####.....#####.#####.
...# #.....#####.# .†.#
#...........#
...####....######.## #
............#...@..#..##.
###.........+...@S.......
#.........#......#..##.
#.........#............
#.........#.........##.
###.........#.........#
........................
###################...###
... ....


You could see Jessica (fast) and a ball python.

Vanquished Creatures
  An adder (D:2)
  A dart slug (D:1)
  3 bats (D:1)
  2 endoplasms (D:1)
  5 goblins (D:1)
  3 hobgoblins (D:1)
  A kobold (D:1)
  A quokka (D:1)
  3 ball pythons (D:1)
  A frilled lizard (D:1)
21 creatures vanquished.

Notes
Turn   | Place    | Note
-------+----------+-------------------------------------------
     0 | D:1      | Essalna the Demonspawn Berserker began the quest for the
                  | Orb.
     0 | D:1      | Reached XP level 1. HP: 18/18 MP: 1/1
    40 | D:1      | Found a faded altar of an unknown god.
   274 | D:1      | Gained mutation: You have a pair of small horns on your
                  | head. [demonic ancestry]
   274 | D:1      | Reached XP level 2. HP: 24/24 MP: 2/2
  1029 | D:2      | Gained mutation: You have a somewhat thin skeletal
                  | structure. (Dex +2, Stealth+) [demonic ancestry]
  1029 | D:2      | Reached XP level 3. HP: 30/30 MP: 3/3
  1049 | D:2      | Noticed Jessica
  1064 | D:2      | HP: 1/30 [ball python (2)]
  1064 | D:2      | Killed from afar by Jessica

Illustrated notes

Levels and vault maps discovered:
D:1:      wander_arrival_peaceful_grave, layout_loops_ring,
          serial_co_window_serial, co_window_corner_a, co_window_paths_a,
          co_window_corner_a, co_window_of_opportunity_a, co_window_paths_a,
          co_window_2corner, co_window_corner_b, co_window_corner_cb,
          co_window_corner_ca, co_window_cross_3, co_window_broadway_b,
          co_window_paths_c, glass_columns_c, hellmonk_ecumenical_altar_zigzags
D:2:      layout_basic, minmay_tromino_v7, uniq_jessica,
          uniq_crazy_yiuf_cottage, uniq_natasha

Skill      XL: |  1 |
---------------+----+-----
Axes           | 3 |  3.3
Fighting       | |  3.7
Armour         | |  1.7
Dodging        | |  1.7

Action                   || total
-------------------------++-------
Melee: Hand axe          ||    55
       Headbutt          ||     8
 Stab: Sleeping          ||     2
Armor: Animal skin       ||    10
Dodge: Dodged            ||    47

Table legend: (Time is in decaauts)
 A = Elapsed time spent in this place.
 B = Non-inter-level travel time spent in this place.
 C = Inter-level travel time spent in this place.
 D = Time resting spent in this place.
 E = Time spent auto-exploring this place.
 F = Levels seen in this place.
 G = Mean time per level.
                   A        B        C        D        E       F      G
               +--------+--------+--------+--------+--------+-----+--------+
         Total |   1074 |   1036 |     38 |      0 |    875 |   2 |  537.0 |
       Dungeon |   1074 |   1036 |     38 |      0 |    875 |   2 |  537.0 |
               +--------+--------+--------+--------+--------+-----+--------+

Top non-repeatable levels by time:
     D:1: 995 daAuts
     D:2: 78 daAuts
